 Dungeon Crawl Stone Soup version 0.18-a0-1414-gcd7f35e (webtiles) character file.

14087219 OkrshikAutist the Black Sun (level 27, 310/310 HPs)
             Began as a Demonspawn Necromancer on Feb 25, 2016.
             Was a High Priest of Kikubaaqudgha.
             Escaped with the Orb
             ... and 15 runes on Feb 26, 2016!
             The game lasted 07:42:29 (112219 turns).

OkrshikAutist the Black Sun (DsNe)                Turns: 112219, Time: 07:42:29

Health: 310/310    AC: 45    Str: 16    XL:     27
Magic:  63/63      EV: 13    Int: 37    God:    Kikubaaqudgha [*****.]
Gold:   12775      SH: 23    Dex: 14    Spells: 12 memorised, 7 levels left

rFire  + . .     SeeInvis +     Z - +9 demon trident (elec)
rCold  + + +     Gourm    .     L - +4 chain mail of a Hundred Wonders {rElec rC+ rN+ Regen+}
rNeg   + . .     Faith    .     s - +5 shield of the Lily {Int+5 Slay+2}
rPois  .         Spirit   .     k - +2 helmet {SInv}
rElec  +         Dismiss  .     n - +2 cloak {MR+}
rCorr  +         Reflect  +     r - +2 pair of gloves {Str+3}
SustAt .         Harm     .     (boots unavailable)
MR     +++..                    Y - +5 amulet of reflection
Stlth  +.........               K - ring of Ginuc {rCorr *Drain MP+9 Int+5}
                                S - ring "Tuv Peus" {rElec rF+ MP+9 Int+2}

@: flying, contaminated, hasted, glowing, drained, very quick, extremely
resistant to hostile enchantments, very unstealthy
A: talons 3, icy blue scales 3, cold resistance 1, icemail, nightstalker 3,
robust 3, freezing cloud immunity
a: Receive Corpses, Torment, Renounce Religion
0: Orb of Zot
}: 15/15 runes: serpentine, barnacled, slimy, silver, golden, iron, obsidian,
icy, bone, abyssal, demonic, glowing, magical, fiery, dark


You escaped.
You worshipped Kikubaaqudgha.
Kikubaaqudgha was extremely pleased with you.
You were not hungry.

You visited 17 branches of the dungeon, and saw 92 of its levels.
You visited Pandemonium 1 time, and saw 33 of its levels.
You visited the Abyss 2 times.
You visited 1 bazaar.
You also visited: Sewer and Ice Cave.

You collected 15219 gold pieces.
You spent 2444 gold pieces at shops.

Inventory:

Hand Weapons
 t - a +9 demon trident of pain
 Z - a +9 demon trident of electrocution (weapon)
Armour
 k - a +2 helmet of see invisible (worn)
 n - a +2 cloak of magic resistance (worn)
 r - a +2 pair of gloves of strength (worn)
 s - the +5 shield of the Lily (worn) {Int+5 Slay+2}
   (You bought it in a shop on level 2 of the Snake Pit)

   It affects your intelligence (+5).
   It affects your accuracy and damage with ranged weapons and melee attacks
   (+2).
 L - the +4 chain mail of a Hundred Wonders (worn) {rElec rC+ rN+ Regen+}
   (You bought it in a shop in a bazaar)

   It protects you from cold.
   It insulates you from electricity.
   It protects you from negative energy.
   It increases your rate of regeneration.
Jewellery
 K - the ring of Ginuc (right hand) {rCorr *Drain MP+9 Int+5}
   (You found it on level 3 of the Tomb of the Ancients)

   [ring of resist corrosion]

   It affects your intelligence (+5).
   It affects your magic capacity (+9).
   It causes draining when unequipped.
 S - the ring "Tuv Peus" (left hand) {rElec rF+ MP+9 Int+2}
   (You found it on level 3 of the Crypt)

   [ring of magical power]

   It affects your intelligence (+2).
   It protects you from fire.
   It insulates you from electricity.
   It affects your magic capacity (+9).
 Y - a +5 amulet of reflection (around neck)
Wands
 J - a wand of teleportation (6/9)
 R - a wand of digging (7/24)
Scrolls
 a - 5 scrolls of recharging
 g - a scroll of magic mapping
 h - 11 scrolls of fear
 i - 15 scrolls of teleportation
 m - 7 scrolls of blinking
 p - 7 scrolls of amnesia
 x - 7 scrolls of summoning
 y - 28 scrolls of identify
 F - 5 scrolls of fog
 I - 7 scrolls of immolation
 N - 29 scrolls of remove curse
 Q - 4 scrolls of silence
Potions
 b - a potion of magic
 e - 7 potions of flight
 j - 8 potions of might
 o - 10 potions of brilliance
 u - 7 potions of cancellation
 w - 18 potions of curing
 z - 5 potions of haste
 A - 7 potions of ambrosia
 C - 10 potions of heal wounds
 D - 6 potions of agility
 H - 9 potions of invisibility
 P - 2 potions of berserk rage
Books
 d - a Necronomicon

   Spells                             Type                      Level
   a - Haunt                          Necromancy/Summoning         7
   b - Borgnjor's Revivification      Necromancy                   8
   c - Death's Door                   Charms/Necromancy            8
   d - Necromutation                  Transmutation/Necromancy     8
Comestibles
 c - 18 bread rations
 l - 4 royal jellies
 B - 7 slices of pizza
 E - 24 fruits
 G - 25 beef jerkies


   Skills:
 + Level 24.3(23.4) Fighting
   Level 4.4(3.9) Long Blades
 - Level 14.2(13.5) Polearms
 - Level 22.0(21.1) Armour
 - Level 15.3(14.6) Dodging
 - Level 1.7(1.2) Stealth
 - Level 14.3(13.6) Shields
 - Level 18.0(17.3) Spellcasting
 - Level 7.1(6.5) Conjurations
 - Level 14.6(13.9) Charms
 - Level 12.0(11.3) Summonings
 O Level 27(26.0) Necromancy
 - Level 18.2(17.4) Transmutations
 - Level 16.2(15.5) Ice Magic


You had 7 spell levels left.
You knew the following spells:

 Your Spells              Type           Power        Failure   Level  Hunger
a - Dispel Undead         Necr           ########     0%          5    None
b - Animate Skeleton      Necr           N/A          0%          1    None
c - Vampiric Draining     Necr           ########..   0%          3    None
d - Animate Dead          Necr           N/A          0%          4    None
e - Simulacrum            Ice/Necr       ########..   1%          6    None
f - Death Channel         Necr           ########..   1%          6    None
g - Bolt of Draining      Conj/Necr      ########..   1%          5    None
h - Regeneration          Chrm/Necr      ########..   0%          3    None
i - Haste                 Chrm           #######.     3%          6    None
j - Haunt                 Necr/Summ      ########..   2%          7    ##.....
k - Necromutation         Trmt/Necr      ########..   10%         8    #####..
l - Apportation           Tloc           ####......   10%         1    None


Dungeon Overview and Level Annotations

Branches:
Dungeon (15/15)            Temple (0/1) D:4            Lair (8/8) D:9
 Shoals (4/4) Lair:5        Snake (4/4) Lair:4        Slime (6/6) Lair:8
    Orc (2/2) D:12            Elf (3/3) Orc:2        Vaults (5/5) D:14
  Crypt (3/3) Vaults:2       Tomb (3/3) Crypt:3      Depths (5/5) D:15
   Hell (1/1)                 Dis (7/7) Hell            Geh (7/7) Hell
    Coc (7/7) Hell            Tar (7/7) Hell            Zot (5/5) Depths:5

Altars:
Cheibriados
Dithmenos
Elyvilon
Gozag
Kikubaaqudgha
Okawaru
Qazlal
Sif Muna
Trog
Vehumet
Xom
Yredelemnul
Zin
Beogh
Jiyva

Shops:
D:5 %?   D:10 (   Orc:1 !   Orc:2 [}(??   Elf:1 =   Elf:2 (   Shoals:3 (
Snake:1 !}:   Snake:2 =[[=   Vaults:2 :   Vaults:5 *   Depths:1 }:=:(

Portals:
Hell: Depths:1 Depths:2 Depths:3 Depths:4 Depths:5
Abyss: Depths:2 Depths:4 Depths:5
Pandemonium: Depths:3 Depths:4 Depths:5
Ziggurat: Lair:2 Depths:3

Annotations:
D:3 Dowan; Duvessa; Frenchkiss's ghost, amateur HOFi
D:9 Maurice
Lair:8 1 runed door
Elf:2 1 exclusion


Innate Abilities, Weirdness & Mutations

You have claws for feet.
You are completely covered in icy blue scales (AC +4, EV -1, rC+).
Your flesh is cold resistant.
A meltable icy envelope protects you from harm (AC +10).
You are completely attuned to the shadows.
You are extremely robust (+30% HP).
You are immune to freezing clouds.


Message History

Kikubaaqudgha accepts your kill.
Drink which item? (? for menu, Esc to quit)
It has a very clean taste.
Your urge to shout disappears.
You feel healthier.
You feel a little more calm.
Drink which item? (? for menu, Esc to quit)
It has a very clean taste.
Your magic regains its normal vibrancy.
You feel genetically unstable.
You feel clever. The horns on your head shrink away.
You feel clever.
Drink which item? (? for menu, Esc to quit)
It has a very clean taste.
Your body's shape seems more normal.
Your vision sharpens a little.
You no longer feel heat resistant.
Your vision sharpens.
Wear which item? (? for menu, Esc to quit)
You start putting on your armour.
You continue putting on your +2 helmet of see invisible. x4
You finish putting on your +2 helmet of see invisible.
You feel perceptive.
Reactivating autopickup.
You can't go down here!
You have escaped!

######.####.......#
#.####.......##
#########.......#..Z..#
##.#.#.#.#.#.#>........#
#.#.#.#.#.#[#...........
##.#.≈≈≈≈≈.#.#......##.#
#.#.#≈...≈#.#)##........
###.#.≈...≈.#.####....#..
#..#.#≈.@.≈#.#...........
#.#.#.≈≈≈≈≈.#.#......###.
#..#.#.#.#.#.#.......###[
#.#.#.#.#.#.#.#..........
#.#####...###..###...###.
#.#####.#####(## ##### ##
#.......####..##
######.........#
#########.#


There were no monsters in sight!

Vanquished Creatures
  the Serpent of Hell (Tar:7)
  3 orbs of fire (Zot:5)
  3 ancient liches
  A juggernaut (Depths:5)
  Sojobo (Depths:4)
  18 greater mummies
  2 shard shrikes
  An iron giant (Depths:2)
  Vashnia (Snake:3)
  A Killer Klown (Zot:5)
  4 pandemonium lords (Pan)
  3 golden dragons
  2 bone dragons
  5 Brimstone Fiends
  2 doom hounds (Tar:6)
  Jorgrun (Depths:2)
  11 Ice Fiends
  11 liches
  4 Hell Sentinels
  Asterion (Snake:4)
  A deep elf master archer (Elf:3)
  10 Shadow Fiends
  5 tentacled monstrosities
  10 Orb Guardians (Zot:5)
  5 titans
  23 acid blobs
  3 deep elf blademasters
  Murray (Hell)
  2 quicksilver dragons
  3 tentacled starspawn
  An eldritch tentacle (Tar:1)
  4 sphinxes
  6 Executioners (Pan)
  5 death cobs
  6 ancient champions
  4 shadow dragons
  13 azure jellies
  5 greater nagas
  5 tengu reavers
  5 storm dragons
  A revenant (Crypt:1)
  A daeva (Pan)
  11 frost giants
  A draconian scorcher (Geh:3)
  8 fire giants
  An iron dragon (shapeshifter) (Vaults:5)
  3 deep elf sorcerers (Elf:3)
  A draconian knight (Depths:5)
  8 vault wardens
  A corrupter (Pan)
  2 draconian zealots (Zot:1)
  4 iron dragons
  7 cacodemons (Pan)
  7 balrugs
  2 deep elf elementalists
  7 curse skulls
  4 warmongers (Pan)
  A draconian annihilator (Pan)
  6 very ugly things
  19 reapers
  3 ophanim (Pan)
  10 ironheart preservers
  An elemental wellspring (Coc:2)
  6 ghouls
  6 war gargoyles
  A draconian caller (Depths:5)
  6 vampire knights
  2 salamander stormcallers
  10 deep elf demonologists
  3 bennus
  18 stone giants
  3 blood saints (Pan)
  A pale draconian (Depths:5)
  3 black draconians
  3 black suns
  5 mottled draconians
  3 white draconians
  9 lorocyprocas (Pan)
  A purple draconian (Depths:5)
  4 red draconians
  A yellow draconian (Depths:5)
  3 spark wasps
  4 deep elf death magi
  9 deep elf annihilators
  10 ettins
  5 merfolk impalers
  17 blizzard demons
  2 crystal guardians
  3 merfolk javelineers
  5 death oozes (Slime:6)
  28 vault guards
  15 mummy priests
  5 eidola
  6 green deaths (Pan)
  5 jiangshi
  9 ogre magi
  A rakshasa (Depths:2)
  7 great orbs of eyes
  A quicksilver dragon zombie (Crypt:2)
  9 fire dragons
  9 monstrous demonspawn
  11 yaktaur captains
  Fannar (D:10)
  2 deep elf high priests
  2 hell beasts
  11 anacondas
  16 ice dragons
  An alligator snapping turtle (Shoals:2)
  2 hydras
  A spriggan air mage (Depths:2)
  A ghost crab (Tar:4)
  8 naga warriors
  4 merfolk aquamancers
  A merfolk avatar (Shoals:3)
  6 centaur warriors
  8 deep troll earth magi
  6 death knights
  A tengu warrior (Depths:2)
  A satyr (Shoals:4)
  30 dancing weapons
  2 deep troll shamans
  11 naga sharpshooters
  5 orc high priests
  4 vampire magi
  10 thrashing horrors
  12 hell hogs
  5 shock serpents
  4 titan zombies
  8 hell knights
  A spriggan berserker (Depths:4)
  The ghost of Frenchkiss the Unseen, a novice OpAs of Dithmenos (D:9)
  2 fire crabs
  4 iron golems
  14 sun demons
  8 shadow wraiths
  A fire crab (shapeshifter) (Vaults:2)
  22 soul eaters
  2 storm dragon zombies
  2 spatial maelstroms (Abyss:4)
  2 wretched stars (Abyss:4)
  56 skeletal warriors
  3 titan skeletons
  7 iron trolls
  17 deep elf knights
  6 salamander mystics
  2 cherubim (Pan)
  2 golden dragon zombies
  14 death scarabs (Tomb:1)
  7 flayed ghosts
  9 small abominations
  4 gelid demonspawn (Pan)
  8 shadow demons
  A death drake (shapeshifter) (Vaults:4)
  2 ghost moth zombies
  20 deep trolls
  9 sea snakes
  An unseen horror (D:15)
  5 anaconda zombies
  4 torturous demonspawn (Pan)
  11 orc knights
  6 phantasmal warriors
  A hill giant (shapeshifter) (Vaults:5)
  9 infernal demonspawn
  2 wizards (Pan)
  2 anaconda skeletons
  11 deep elf archers
  2 giant orange brains
  5 putrid demonspawn (Pan)
  6 naga ritualists
  4 lindwurms
  7 ironbrand convokers
  3 hill giants
  A lindwurm (shapeshifter) (Depths:4)
  13 anubis guards
  9 necromancers
  50 deep elf magi
  6 wolf spider zombies
  4 shadow dragon zombies
  9 griffons
  A golden dragon skeleton (Depths:2)
  5 orc sorcerers
  23 large abominations
  3 fire giant zombies
  4 mana vipers
  3 shining eyes
  An orb spider (Abyss:4)
  2 wolf spiders (Vaults:1)
  6 harpies
  Pikel (D:8)
  13 salamanders
  2 stone giant zombies
  37 ugly things
  7 cyclopes
  A salamander (shapeshifter) (Vaults:1)
  A tengu skeleton (Depths:4)
  5 frost giant zombies
  2 iron dragon zombies
  A faun (Shoals:1)
  An oklob plant (Lair:7)
  4 hornets
  10 manticores
  A faun (shapeshifter) (Depths:4)
  2 iron dragon skeletons
  4 water nymphs
  3 sirens
  5 stone giant skeletons
  4 frost giant skeletons
  3 moths of wrath (Zot:1)
  10 sixfirhies (Pan)
  6 elephants
  11 vault sentinels
  3 fire giant skeletons
  4 guardian serpents
  2 titan simulacra (Coc:7)
  A black mamba (shapeshifter) (Vaults:2)
  16 black mambas
  A shock serpent zombie (Crypt:2)
  17 rust devils
  13 orange demons (Pan)
  Psyche (D:8)
  A dire elephant zombie (Tar:4)
  2 ice statues (IceCv)
  An emperor scorpion zombie (Geh:3)
  12 naga magi
  2 molten gargoyles
  5 storm dragon simulacra (Coc:7)
  A dire elephant skeleton (Coc:7)
  5 spectral swamp worms (Depths:5)
  A grey draconian zombie (Crypt:1)
  17 smoke demons
  10 spiny frogs
  4 rime drakes
  8 torpor snails
  A catoblepas zombie (Geh:6)
  A gargoyle (D:15)
  7 komodo dragons
  A mottled draconian zombie (Crypt:1)
  2 kobold demonologists
  4 efreet
  11 freezing wraiths
  A spriggan skeleton (Depths:2)
  16 hellions
  A black draconian skeleton (Tar:3)
  17 yaktaurs
  21 ice devils
  5 silent spectres
  15 tormentors
  7 hellwings
  3 demonic crawlers (Pan)
  14 red devils
  An anaconda simulacrum (Coc:7)
  23 guardian mummies
  6 trolls
  2 harpy zombies
  4 ancient zymes (Abyss:3)
  7 hydra zombies
  A jumping spider (Vaults:4)
  A green draconian skeleton (Crypt:2)
  A polar bear (Lair:7)
  2 giant leeches (Lair:8)
  A wind drake (shapeshifter) (Elf:1)
  7 raiju (Abyss:3)
  20 two-headed ogres
  4 alligator zombies
  17 merfolk
  6 boulder beetles
  55 slime creatures
  A minotaur skeleton (Tar:7)
  A tarantella zombie (Crypt:2)
  9 blink frogs
  2 fire dragon zombies
  A spriggan zombie (Depths:1)
  4 ettin zombies
  2 ice dragon zombies
  13 ushabtiu
  3 hydra skeletons
  A bog body (Crypt:1)
  A frost giant simulacrum (Vaults:3)
  A jumping spider zombie (Crypt:2)
  2 stone giant simulacra
  9 snapping turtles
  4 ice dragon skeletons
  2 alligator skeletons
  3 air elementals
  A spriggan (D:10)
  73 flying skulls
  A black mamba zombie (Tar:1)
  30 shadows
  15 water elementals
  2 fire dragon skeletons
  2 tarantellas (shapeshifter)
  22 wraiths
  An ettin skeleton (Crypt:3)
  11 redbacks
  A tarantella (Depths:2)
  A wyvern (D:15)
  18 yaks
  15 ynoxinuls
  A human (shapeshifter) (Elf:3)
  A steam dragon (Depths:5)
  3 basilisks
  10 hippogriffs
  9 fire elementals
  A basilisk (shapeshifter) (Depths:2)
  2 hill giant zombies
  2 golden eyes
  12 chaos spawn
  3 hungry ghosts
  15 vampire mosquitoes
  6 neqoxecs
  A deep troll zombie (Crypt:1)
  2 spatial vortices
  6 mottled dragons
  14 wolves
  2 insubstantial wisps (Abyss:3)
  4 spiny frog zombies
  9 wargs
  4 hydra simulacra
  34 hell hounds
  A soldier ant (D:12)
  A minotaur simulacrum (Coc:7)
  36 nagas
  18 water moccasins
  A human skeleton (Depths:1)
  7 ice beasts
  10 porcupines
  21 orc warriors
  A slave (D:8)
  2 black bears
  5 snapping turtle zombies
  A swamp dragon zombie (Dis:7)
  4 sky beasts
  6 eyes of draining
  3 snapping turtle skeletons
  6 wasps
  An alligator simulacrum (Hell)
  An eye of draining (shapeshifter) (Vaults:1)
  3 spiny frog skeletons
  14 necrophages
  4 phantoms
  8 centaurs
  3 boggarts
  34 ogres
  14 crocodiles
  2 swamp dragon skeletons
  9 big kobolds
  18 giant frogs
  A dryad skeleton (Crypt:1)
  6 earth elementals
  A spiny frog simulacrum (Coc:1)
  5 scorpions
  A water moccasin skeleton (D:9)
  A troll zombie (Crypt:3)
  5 killer bees
  3 human simulacra
  An electric eel (Lair:5)
  34 wights
  9 howler monkeys
  A lava snake (D:11)
  23 starcursed masses
  4 hounds
  9 jellies
  2 quasits
  4 centaur skeletons
  3 centaur zombies
  8 crimson imps
  3 giant frog zombies
  23 orc priests
  18 iron imps
  2 giant frog skeletons
  20 orc wizards
  5 iguanas
  A spriggan simulacrum (IceCv)
  8 worker ants
  2 troll simulacra (IceCv)
  A killer bee zombie (D:9)
  13 sheep
  5 ogre zombies (D:12)
  A deep dwarf zombie (Crypt:1)
  A hound zombie (Crypt:2)
  A hound skeleton (D:7)
  39 mummies
  14 adders
  12 gnolls
  A naga simulacrum (IceCv)
  27 river rats
  2 ogre simulacra (IceCv)
  14 shadow imps
  8 white imps
  A giant eyeball (Pan)
  3 ufetubi
  6 oozes
  An adder zombie (D:8)
  An iguana skeleton (Crypt:1)
  22 worms
  8 giant geckos
  80 orcs
  5 ball pythons (Sewer)
  11 bats
  A gnoll zombie (Crypt:2)
  18 goblins
  A goblin (shapeshifter) (Vaults:3)
  15 hobgoblins
  11 jackals
  5 quokkas
  A giant gecko zombie (D:9)
  11 giant newts
  4 goblin zombies (D:12)
  2 hobgoblin zombies (D:12)
  A jackal zombie (D:6)
  24 kobolds
  2 orc skeletons (D:12)
  11 orc zombies (D:12)
  10 rats
  2 blocks of ice (Pan)
  A crawling corpse (Depths:4)
  2 fire vortices
  A fungus (Lair:2)
  A lost soul (Crypt:2)
  A lurking horror (Abyss:4)
  A tentacle (Shoals:4)
2938 creatures vanquished.

Vanquished Creatures (collateral kills)
  Antaeus (Coc:7)
  Asmodeus (Geh:7)
  the Royal Jelly (Slime:6)
  Gloorx Vloq (Pan)
  Ereshkigal (Tar:7)
  A seraph (Pan)
  Mnoleg (Pan)
  Dispater (Dis:7)
  An orb of fire (Zot:5)
  3 juggernauts (Depths:4)
  Mennas (Pan)
  An ancient lich (Zot:5)
  7 pandemonium lords (Pan)
  9 greater mummies
  6 iron giants
  2 Killer Klowns (Zot:5)
  Geryon (Hell)
  5 shard shrikes
  4 golden dragons
  10 bone dragons
  12 Brimstone Fiends
  3 electric golems
  4 doom hounds
  5 tentacled monstrosities
  12 Orb Guardians (Zot:5)
  12 Ice Fiends
  12 Hell Sentinels
  11 liches
  9 titans
  2 quicksilver dragons
  Gastronok (D:9)
  3 tentacled starspawn (Abyss:3)
  27 Shadow Fiends
  A death cob (Zot:1)
  24 Executioners
  19 acid blobs (Slime:6)
  9 sphinxes
  A kraken (Shoals:4)
  An ancient champion (Tomb:2)
  4 storm dragons
  5 shadow dragons
  3 daevas (Pan)
  2 revenants
  Ilsuiw (Shoals:4)
  A greater naga (Snake:4)
  8 warmongers (Pan)
  5 tengu reavers
  13 azure jellies (Slime:6)
  3 frost giants
  4 fire giants
  4 vault wardens
  14 iron dragons
  Maud (Lair:3)
  2 draconian scorchers (Zot:1)
  24 balrugs
  24 cacodemons
  9 angels (Pan)
  3 deep elf elementalists
  11 ghouls
  2 draconian zealots (Zot:1)
  A draconian shifter (Zot:1)
  2 spriggan defenders (Depths:5)
  5 ironheart preservers
  6 draconian annihilators
  42 reapers
  14 war gargoyles
  3 apis (Pan)
  5 vampire knights
  6 very ugly things
  15 stone giants
  4 ophanim (Pan)
  8 salamander stormcallers
  6 green draconians
  A black draconian (Zot:1)
  4 elemental wellsprings
  7 blood saints (Pan)
  2 red draconians (Zot:1)
  A deep elf demonologist (Depths:2)
  2 chaos champions (Pan)
  6 lorocyprocas
  5 corrupters (Pan)
  3 deep elf annihilators
  11 bennus
  4 spark wasps
  2 purple draconians
  A pale draconian (Depths:5)
  3 white draconians
  6 black suns (Pan)
  2 deep elf death magi (Elf:3)
  Snorg (D:11)
  2 yellow draconians (Zot:1)
  4 quicksilver dragon zombies
  21 blizzard demons
  2 crystal guardians (Crypt:3)
  11 green deaths
  4 merfolk javelineers (Shoals:4)
  5 merfolk impalers
  18 death oozes (Slime:6)
  5 fire dragons
  12 mummy priests
  12 vault guards
  6 ettins
  4 great orbs of eyes
  2 kraken zombies
  2 deep elf high priests (Depths:4)
  2 jiangshi (Abyss:4)
  3 yaktaur captains
  5 entropy weavers
  3 hell beasts (Pan)
  3 hydras
  5 spriggan air magi
  14 ice dragons
  2 rakshasas
  A catoblepas (D:12)
  A ghost crab (Tar:7)
  3 quicksilver dragon skeletons
  A merfolk avatar (Shoals:1)
  15 anacondas
  6 naga warriors
  10 monstrous demonspawn (Pan)
  6 merfolk aquamancers
  A centaur warrior (Vaults:2)
  A death knight (Vaults:1)
  2 deep troll shamans
  3 dancing weapons
  7 ogre magi
  3 deep troll earth magi
  A satyr (Shoals:4)
  17 hell hogs
  2 vampire magi
  6 titan zombies
  An orc high priest (Depths:1)
  8 naga sharpshooters
  9 thrashing horrors
  2 spriggan berserkers (Depths:4)
  7 shock serpents
  15 hell knights
  48 sun demons
  28 soul eaters
  5 storm dragon zombies
  12 iron golems
  2 deep elf knights
  3 titan skeletons
  A fire crab (Vaults:3)
  2 shadow wraiths
  5 wretched stars
  3 storm dragon skeletons
  8 salamander mystics
  88 skeletal warriors
  4 golden dragon zombies
  10 iron trolls
  A spatial maelstrom (Abyss:4)
  A wizard (Pan)
  3 unseen horrors
  3 anaconda zombies
  6 cherubim (Pan)
  21 death scarabs
  A spark wasp zombie (Depths:4)
  4 sea snakes
  8 gelid demonspawn (Pan)
  9 flayed ghosts
  2 death drakes
  3 orc knights
  A kraken simulacrum (Coc:7)
  10 shadow demons
  11 deep trolls
  A ghost moth zombie (Coc:4)
  A sea snake (shapeshifter) (Vaults:3)
  2 giant orange brains
  13 torturous demonspawn (Pan)
  27 anubis guards
  4 shadow dragon zombies
  A deep elf archer (Vaults:2)
  13 putrid demonspawn (Pan)
  5 ironbrand convokers
  7 infernal demonspawn (Pan)
  4 naga ritualists
  7 mana vipers
  10 phantasmal warriors
  4 lindwurms
  An anaconda skeleton (Tar:6)
  12 deep elf magi
  2 harpies (Shoals:4)
  10 necromancers
  2 golden dragon skeletons
  20 ugly things
  3 manticores
  5 iron dragon zombies
  5 fire giant zombies
  3 stone giant zombies
  5 griffons
  A hornet (shapeshifter) (Vaults:1)
  5 water nymphs
  A faun (shapeshifter) (Depths:2)
  4 frost giant zombies
  3 shadow dragon skeletons
  6 cyclopes
  2 shining eyes
  10 fauns
  An octopode (shapeshifter) (Vaults:4)
  A moth of wrath (Zot:1)
  5 stone giant skeletons
  22 sixfirhies
  29 rust devils
  19 salamanders
  2 worldbinders (Abyss:4)
  3 frost giant skeletons
  A shock serpent zombie (Dis:7)
  5 fire giant skeletons
  2 ice statues (Hell)
  3 iron dragon skeletons
  7 naga magi
  5 vault sentinels
  15 black mambas
  7 sirens
  5 guardian serpents
  32 smoke demons
  A spiny frog (shapeshifter) (Vaults:5)
  2 elephants (Lair:7)
  Joseph (D:9)
  2 apocalypse crabs (Abyss:4)
  2 eyes of devastation
  A dire elephant zombie (Coc:4)
  5 molten gargoyles (Geh:7)
  24 orange demons
  A shock serpent skeleton (Coc:7)
  8 spiny frogs
  4 dire elephant skeletons
  A storm dragon simulacrum (Coc:7)
  A torpor snail (Lair:8)
  3 titan simulacra (Coc:7)
  3 emperor scorpion zombies
  A kobold demonologist (Depths:1)
  25 hellions
  A komodo dragon (shapeshifter) (Depths:5)
  2 elf skeletons
  3 komodo dragons
  7 efreet
  6 yaktaurs
  13 guardian mummies
  29 ice devils
  24 tormentors
  15 demonic crawlers
  17 freezing wraiths
  6 anaconda simulacra
  8 hydra zombies
  33 red devils
  2 catoblepas skeletons
  2 harpy zombies
  2 silent spectres
  17 hellwings
  4 giant leeches (Lair:8)
  31 merfolk
  4 ancient zymes
  17 raiju
  9 blink frogs
  17 slime creatures
  A raiju (shapeshifter) (Depths:2)
  9 two-headed ogres
  A slime creature (shapeshifter) (Vaults:5)
  2 wind drakes
  2 alligator zombies (Coc:6)
  4 hydra skeletons
  2 boulder beetles
  6 bog bodies (Coc:7)
  2 fire dragon zombies
  6 snapping turtles
  3 ice dragon zombies
  78 flying skulls
  25 large abominations
  7 ushabtiu
  4 ettin zombies
  4 air elementals
  2 ettin skeletons
  2 alligator skeletons
  A tarantella (Depths:2)
  A black mamba zombie (Dis:3)
  A tarantella (shapeshifter) (Depths:4)
  14 ynoxinuls (Pan)
  12 redbacks
  25 water elementals
  17 wraiths
  19 shadows
  3 fire dragon skeletons
  3 ice dragon skeletons
  A dire elephant simulacrum (Coc:7)
  15 chaos spawn
  A golden eye (Slime:1)
  7 yaks
  4 basilisks
  6 hungry ghosts
  A black mamba skeleton (Tar:7)
  A wind drake skeleton (Crypt:2)
  2 steam dragons (Depths:5)
  3 fire elementals
  7 hippogriffs
  10 wolves
  3 wargs
  4 vampire mosquitoes (Vaults:1)
  23 neqoxecs
  5 insubstantial wisps (Abyss:3)
  3 spatial vortices
  17 nagas
  A mottled dragon (Depths:5)
  6 spiny frog zombies
  2 tengu zombies
  4 water moccasins
  A hell hound (shapeshifter) (Vaults:5)
  5 hydra simulacra
  76 hell hounds
  A monstrous demonspawn skeleton (Tar:3)
  A porcupine (Lair:7)
  8 orc warriors
  An infernal demonspawn skeleton (Tar:4)
  2 ice beasts
  2 sky beasts (D:11)
  2 spiny frog skeletons (Coc:7)
  9 phantoms
  A manticore zombie (Crypt:1)
  2 swamp dragon zombies
  4 snapping turtle zombies
  2 eyes of draining
  9 necrophages
  5 boggarts
  2 manticore skeletons
  25 ogres
  A snapping turtle skeleton (Crypt:3)
  A centaur (Depths:1)
  4 swamp dragon skeletons
  3 crocodiles
  5 small abominations
  A big kobold (Sewer)
  2 earth elementals (D:12)
  3 giant frogs
  A water moccasin skeleton (D:9)
  A manticore simulacrum (Coc:1)
  A troll skeleton (Coc:7)
  2 killer bees (D:8)
  3 howler monkeys (D:8)
  45 wights
  An electric eel (Lair:8)
  7 crimson imps
  3 centaur zombies
  13 starcursed masses
  A quasit (Pan)
  A giant frog zombie (D:4)
  29 iron imps
  A hound (D:9)
  7 orc priests
  2 jellies
  4 iguanas
  4 worker ants
  8 orc wizards
  2 sheep (Lair:7)
  2 naga skeletons
  A tengu skeleton (Dis:5)
  A hound zombie (Crypt:1)
  A hound skeleton (D:4)
  25 mummies
  A howler monkey skeleton (D:7)
  5 gnolls
  2 adders
  17 river rats
  4 shadow imps
  17 white imps
  An ufetubus (Pan)
  4 worms (Lair:8)
  A worm (shapeshifter) (Vaults:1)
  A ball lightning (Pan)
  26 orcs
  A giant cockroach (D:3)
  2 goblins
  2 hobgoblins
  9 kobolds
  2 giant newts (D:2)
  3 blocks of ice (Pan)
  3 crawling corpses
  3 fire vortices (Pan)
  18 fungi
  40 plants
  3 starspawn tentacles (Abyss:3)
  4 tentacles
2737 creatures vanquished.

Vanquished Creatures (others)
  Cerebov (Pan)
  A pandemonium lord (Pan)
  A lich (Tomb:2)
  A titan (Pan)
  A deep elf master archer (Elf:3)
  A tentacled starspawn (Abyss:4)
  2 eldritch tentacles (Pan)
  2 tengu reavers
  A fire giant (Vaults:5)
  A draconian scorcher (Zot:1)
  A cacodemon (Pan)
  2 deep elf elementalists (Elf:3)
  A draconian annihilator (Pan)
  2 blood saints (Pan)
  A stone giant (Depths:2)
  A corrupter (Pan)
  2 blizzard demons (Pan)
  3 yaktaur captains
  An ice dragon (Depths:5)
  A spriggan air mage (Pan)
  2 soul eaters (Pan)
  A skeletal warrior (Tomb:2)
  A shadow wraith (Vaults:1)
  An iron troll (Dis:7)
  7 death scarabs
  2 torturous demonspawn (Pan)
  A shadow demon (Pan)
  A golden dragon skeleton (Tomb:2)
  An anubis guard (Tomb:3)
  A necromancer (Geh:7)
  A wizard (Pan)
  2 cyclopes
  2 orange demons (Pan)
  A dire elephant zombie (Tomb:3)
  A rust devil (Pan)
  A smoke demon (Pan)
  5 yaktaurs
  A hellion (Pan)
  A freezing wraith (Vaults:4)
  A harpy zombie (Coc:4)
  A two-headed ogre (Vaults:2)
  An ettin zombie (Tomb:2)
  3 flying skulls (Tomb:2)
  2 ynoxinuls (Pan)
  A shadow (Geh:3)
  A hungry ghost (Coc:7)
  2 hell hounds (Dis:5)
  2 orc warriors
  A centaur (Shoals:4)
  A slave (D:8)
  An ogre (Vaults:1)
  A wight (Geh:6)
  3 howler monkeys (D:8)
  3 mummies (Tomb:2)
  An adder zombie (D:8)
  45 ball lightnings (Pan)
  A giant gecko (D:8)
  A goblin (D:8)
  A kobold (D:8)
  A kobold simulacrum (Tomb:3)
  12 blocks of ice (Pan)
  158 eldritch tentacle segments (Pan)
  6 fire vortices
  4 fungi
  6 lost souls
  A lurking horror (Abyss:4)
  40 plants
  2 starspawn tentacles (Abyss:4)
  12 starspawn tentacle segments
  21 tentacles
  500 tentacle segments
896 creatures vanquished.

Grand Total: 6571 creatures vanquished

Notes
Turn   | Place    | Note
--------------------------------------------------------------
     0 | D:1      | OkrshikAutist the Demonspawn Necromancer began the quest for the Orb.
     0 | D:1      | Reached XP level 1. HP: 13/13 MP: 3/3
    15 | D:1      | Learned a level 1 spell: Animate Skeleton
   322 | D:1      | Gained mutation: You are partially covered in icy blue scales (AC +1). [demonic ancestry]
   322 | D:1      | Reached XP level 2. HP: 16/19 MP: 1/5
   329 | D:1      | Reached skill level 5 in Necromancy
   819 | D:1      | Reached XP level 3. HP: 18/24 MP: 3/6
   910 | D:1      | Learned a level 3 spell: Vampiric Draining
  1551 | D:2      | Reached skill level 6 in Necromancy
  1662 | D:2      | Gained mutation: You have sharp toenails. [demonic ancestry]
  1662 | D:2      | Reached XP level 4. HP: 17/30 MP: 0/7
  2704 | D:3      | Reached skill level 7 in Necromancy
  2704 | D:3      | Reached XP level 5. HP: 30/35 MP: 2/8
  2728 | D:3      | Found a glowing drain.
  2729 | D:3      | Noticed Frenchkiss's ghost (amateur HOFi)
  2830 | Sewer    | Entered a sewer
  3001 | Sewer    | Reached skill level 8 in Necromancy
  3001 | Sewer    | Gained mutation: You are slightly more attuned to the shadows. [demonic ancestry]
  3001 | Sewer    | Reached XP level 6. HP: 35/41 MP: 4/9
  3090 | Sewer    | Reached skill level 1 in Fighting
  3251 | Sewer    | Reached XP level 7. HP: 28/53 MP: 2/10
  3774 | D:3      | Found a faded altar to an unknown god.
  3811 | D:3      | Learned a level 4 spell: Animate Dead
  3906 | D:3      | Found an ancient bone altar of Kikubaaqudgha.
  3912 | D:3      | Became a worshipper of Kikubaaqudgha
  4018 | D:3      | Found a shadowy altar of Dithmenos.
  4590 | D:4      | Found a staircase to the Ecumenical Temple.
  4687 | D:4      | Found a snail-covered altar of Cheibriados.
  4702 | D:4      | Reached XP level 8. HP: 45/61 MP: 6/11
  4818 | D:4      | Reached * piety under Kikubaaqudgha
  4818 | D:4      | Received a gift from Kikubaaqudgha
  4819 | D:4      | Identified Kikubaaqudgha's Guide on Necromancy (Kikubaaqudgha gifted it to you on level 4 of the Dungeon)
  4868 | D:4      | Noticed Duvessa
  4870 | D:4      | Noticed Dowan
  5155 | D:4      | Reached skill level 1 in Long Blades
  5155 | D:4      | Reached skill level 5 in Dodging
  5401 | D:4      | Found a stormy altar of Qazlal.
  5402 | D:4      | Found an iron altar of Okawaru.
  5496 | D:5      | Entered Level 5 of the Dungeon
  5504 | D:5      | Learned a level 2 spell: Corpse Rot
  6052 | D:5      | Found Bajybb's Magic Scroll Emporium.
  6076 | D:5      | Bought a scroll of teleportation for 39 gold pieces
  6076 | D:5      | Bought a scroll of teleportation for 39 gold pieces
  6160 | D:5      | Found Ruruusar's Food Emporium.
  6462 | D:5      | Got a tattered robe
  6473 | D:5      | Identified the +0 robe of Quapeug Owu {rN+} (You found it on level 5 of the Dungeon)
  6782 | D:6      | Found a white marble altar of Elyvilon.
  6839 | D:6      | Reached skill level 9 in Necromancy
  7660 | D:6      | Gained mutation: Your flesh is cold resistant. [demonic ancestry]
  7660 | D:6      | Reached XP level 9. HP: 62/66 MP: 13/13
  8360 | D:7      | Reached skill level 10 in Necromancy
  8527 | D:7      | Reached ** piety under Kikubaaqudgha
  8840 | D:8      | Found an opulent altar of Gozag.
  8893 | D:8      | Noticed Psyche
  8902 | D:8      | Killed Psyche
  8902 | D:8      | Reached skill level 11 in Necromancy
  9014 | D:8      | Noticed Pikel
  9191 | D:9      | Noticed Frenchkiss's ghost (novice OpAs)
  9211 | D:9      | Found a staircase to the Lair.
  9232 | D:9      | Noticed Maurice
  9287 | D:9      | Killed Frenchkiss's ghost
  9287 | D:9      | Reached skill level 12 in Necromancy
  9508 | D:9      | Noticed Joseph
  9517 | D:9      | Killed Joseph
  9798 | D:9      | Gained mutation: You have razor-sharp toenails. [demonic ancestry]
  9798 | D:9      | Reached XP level 10. HP: 53/73 MP: 14/17
 10030 | D:9      | Reached skill level 5 in Spellcasting
 10229 | D:8      | Killed Pikel
 10377 | D:8      | Reached *** piety under Kikubaaqudgha
 10377 | D:8      | Received a gift from Kikubaaqudgha
 10387 | D:8      | Identified Kikubaaqudgha's Almanac of Evil (Kikubaaqudgha gifted it to you on level 8 of the Dungeon)
 10396 | D:8      | Learned a level 6 spell: Death Channel
 11775 | D:7      | Found a deep blue altar of Sif Muna.
 11775 | D:7      | Found a bloodstained altar of Trog.
 12632 | D:8      | Reached skill level 13 in Necromancy
 12897 | D:9      | Found a radiant altar of Vehumet.
 13361 | D:9      | Noticed Gastronok
 13568 | D:9      | Killed Gastronok
 13568 | D:9      | Reached skill level 14 in Necromancy
 13793 | Lair:1   | Entered Level 1 of the Lair of Beasts
 13902 | Lair:1   | Reached skill level 1 in Polearms
 13902 | Lair:1   | Gained mutation: You are immune to freezing clouds. [demonic ancestry]
 13902 | Lair:1   | Reached XP level 11. HP: 65/78 MP: 20/20
 14601 | Lair:1   | Reached **** piety under Kikubaaqudgha
 14694 | Lair:2   | Learned a level 5 spell: Bolt of Draining
 14727 | Lair:2   | Reached skill level 1 in Conjurations
 14919 | Lair:2   | Reached skill level 5 in Polearms
 15590 | Lair:2   | Reached skill level 5 in Conjurations
 16047 | Lair:3   | Found a frozen archway.
 16051 | Lair:3   | Noticed Maud
 16102 | Lair:3   | Killed Maud
 16234 | IceCv    | Entered an ice cave
 18143 | Lair:3   | Reached XP level 12. HP: 84/84 MP: 16/21
 18315 | Lair:3   | Noticed a four-headed hydra
 18322 | Lair:3   | Killed a four-headed hydra
 18932 | Lair:4   | Found a staircase to the Snake Pit.
 19852 | Lair:5   | Reached ***** piety under Kikubaaqudgha
 19934 | Lair:5   | Reached skill level 10 in Polearms
 20278 | Lair:5   | Found a staircase to the Shoals.
 21606 | Lair:7   | Gained mutation: You are mostly covered in icy blue scales (AC +3, EV -1). [demonic ancestry]
 21606 | Lair:7   | Reached XP level 13. HP: 78/89 MP: 22/22
 22646 | Lair:8   | Entered Level 8 of the Lair of Beasts
 23759 | Lair:8   | Found a viscous altar of Jiyva.
 23759 | Lair:8   | Found a staircase to the Slime Pits.
 23850 | Lair:8   | Found a runed door.
 23875 | Lair:8   | Reached ****** piety under Kikubaaqudgha
 24689 | D:10     | Entered Level 10 of the Dungeon
 24870 | D:10     | Found a basalt altar of Yredelemnul.
 25184 | D:10     | Noticed Fannar
 25196 | D:10     | Killed Fannar
 25196 | D:10     | Reached skill level 5 in Fighting
 25427 | D:10     | Found Bume's Antique Weapon Shop.
 25737 | D:11     | Reached skill level 1 in Armour
 26116 | D:11     | Noticed Snorg
 26128 | D:11     | Killed Snorg
 26313 | D:11     | Reached XP level 14. HP: 98/98 MP: 17/23
 26547 | D:12     | Found a staircase to the Orcish Mines.
 27883 | Orc:1    | Entered Level 1 of the Orcish Mines
 27888 | Orc:1    | Reached skill level 5 in Armour
 27960 | Orc:1    | Found a roughly hewn altar of Beogh.
 28181 | Orc:1    | Found Upsoiz's Distillery.
 28529 | Orc:2    | Entered Level 2 of the Orcish Mines
 28610 | Orc:2    | Found a shimmering altar of Xom.
 28633 | Orc:2    | Found Loplolo's Magic Scroll Boutique.
 29176 | Orc:2    | Reached skill level 15 in Necromancy
 29448 | Orc:2    | Found Japenood's Gadget Shop.
 29448 | Orc:2    | Found Acrab's Armour Shop.
 29469 | Orc:2    | Found Zompul's Weapon Boutique.
 29471 | Orc:2    | Found Omnixzoik's Magic Scroll Boutique.
 29618 | Orc:2    | Bought a scroll of teleportation for 42 gold pieces
 29712 | Orc:2    | Found a staircase to the Elven Halls.
 30115 | D:13     | Found a snail-covered altar of Cheibriados.
 31186 | D:14     | Found a gate to the Vaults.
 31785 | D:15     | Entered Level 15 of the Dungeon
 32556 | D:15     | Reached skill level 10 in Spellcasting
 32641 | D:15     | Gained mutation: You have claws for feet. [demonic ancestry]
 32641 | D:15     | Reached XP level 15. HP: 103/105 MP: 13/29
 32655 | D:15     | Found a staircase to the Depths.
 33057 | Lair:2   | Received a gift from Kikubaaqudgha
 33074 | Lair:2   | Learned a level 3 spell: Regeneration
 33083 | Lair:2   | Learned a level 5 spell: Agony
 33176 | Snake:1  | Entered Level 1 of the Snake Pit
 33206 | Snake:1  | Found Mojint's Gadget Shoppe.
 33235 | Snake:1  | Found Fuleqoda's Distillery.
 33239 | Snake:1  | Bought a potion of heal wounds for 80 gold pieces
 33413 | Snake:1  | Found Faotij's Book Shoppe.
 34062 | Snake:2  | Found Govouvo's Armour Shop.
 34068 | Snake:2  | Bought the +5 shield of the Lily {Int+5 Slay+2} for 609 gold pieces
 34084 | Snake:2  | Found Ohiufirph's Armour Emporium.
 34100 | Snake:2  | Reached skill level 1 in Shields
 34447 | Snake:2  | Found Guixt's Jewellery Boutique.
 34456 | Snake:2  | Reached skill level 5 in Shields
 34520 | Snake:2  | Bought the ring "Offeteot" {MP+9 AC+6} for 1360 gold pieces
 34601 | Snake:2  | Found Tesuneiz's Jewellery Shoppe.
 34748 | Snake:3  | Noticed Vashnia
 34899 | Snake:3  | Killed Vashnia
 35217 | Snake:3  | Gained mutation: You are significantly more attuned to the shadows. [demonic ancestry]
 35217 | Snake:3  | Reached XP level 16. HP: 120/120 MP: 30/30
 35714 | Snake:4  | Entered Level 4 of the Snake Pit
 36060 | Snake:4  | Reached skill level 10 in Shields
 36061 | Snake:4  | Noticed Asterion
 36075 | Snake:4  | Killed Asterion
 36438 | Snake:4  | Got a brightly glowing robe
 36443 | Snake:4  | Identified the +2 robe of the Grue {Dex+6 SInv Stlth-} (You found it on level 4 of the Snake Pit)
 36766 | Snake:4  | Reached skill level 16 in Necromancy
 36996 | Snake:4  | Reached XP level 17. HP: 48/126 MP: 3/31
 37004 | Snake:4  | Got a serpentine rune of Zot
 37717 | Shoals:1 | Entered Level 1 of the Shoals
 37809 | Shoals:1 | Reached skill level 17 in Necromancy
 39316 | Shoals:3 | Reached skill level 18 in Necromancy
 39583 | Shoals:3 | Found Arho's Weapon Boutique.
 40045 | Shoals:4 | Entered Level 4 of the Shoals
 40164 | Shoals:4 | Reached skill level 19 in Necromancy
 40232 | Shoals:4 | Noticed Ilsuiw
 40290 | Shoals:4 | Killed Ilsuiw
 40610 | Shoals:4 | Noticed a kraken
 40643 | Shoals:4 | Killed a kraken
 40761 | Shoals:4 | Got a barnacled rune of Zot
 40806 | Shoals:4 | Reached skill level 20 in Necromancy
 40999 | Shoals:4 | Reached XP level 18. HP: 98/132 MP: 32/32
 41272 | Lair:2   | Learned a level 7 spell: Haunt
 41462 | Vaults:1 | Entered Level 1 of the Vaults
 41701 | Vaults:1 | Found a flickering gateway to a bazaar.
 41707 | Bazaar   | Entered a bazaar
 41709 | Bazaar   | Found Huexupp's Weapon Emporium.
 41709 | Bazaar   | Found Lunufedd's Weapon Emporium.
 41709 | Bazaar   | Found Vupn's Magic Scroll Shoppe.
 41709 | Bazaar   | Found Sapp's Antique Armour Shoppe.
 41733 | Bazaar   | Bought a fine chain mail for 275 gold pieces
 41744 | Bazaar   | Identified the +4 chain mail of a Hundred Wonders {rElec rC+ rN+ Regen+} (You bought it in a shop in a bazaar)
 43068 | Vaults:2 | Reached skill level 10 in Armour
 43282 | Vaults:2 | Found a glowing silver altar of Zin.
 43443 | Vaults:2 | Found Kaulais's Book Shoppe.
 43551 | Vaults:2 | Reached skill level 1 in Summonings
 44047 | Vaults:2 | Found a staircase to the Crypt.
 44468 | Vaults:3 | Reached skill level 5 in Summonings
 44659 | Vaults:3 | Reached XP level 19. HP: 138/138 MP: 33/33
 44816 | Vaults:3 | HP: 6/138 [orc sorcerer/bolt of fire[an orc knight] (23)]
 45542 | Vaults:3 | Got a faintly glowing bronze ring
 45545 | Vaults:3 | Identified the ring of Tomin Xutwo {Ice Fragile +Inv MR+} (You took it off an ironbrand convoker on level 3 of the Vaults)
 45747 | Vaults:3 | Reached skill level 10 in Summonings
 47879 | Elf:1    | Entered Level 1 of the Elven Halls
 47988 | Elf:1    | Found Giobaoh's Jewellery Emporium.
 48679 | Elf:1    | Gained mutation: You are completely covered in icy blue scales (AC +4, EV -1, rC+). [demonic ancestry]
 48679 | Elf:1    | Reached XP level 20. HP: 145/145 MP: 34/34
 49037 | Elf:2    | Got a pearl-encrusted scale mail
 49055 | Elf:2    | Identified the +2 scale mail of Gravity {Int+2} (You found it on level 2 of the Elven Halls)
 49180 | Elf:2    | Found Lana's Weapon Shop.
 49215 | Elf:2    | Found a huge runed gate.
 49215 | Elf:2    | Found a huge runed gate.
 49215 | Elf:2    | Found a huge runed gate.
 49215 | Elf:2    | Found a huge runed gate.
 49215 | Elf:2    | Found a huge runed gate.
 49565 | Elf:2    | Reached skill level 10 in Dodging
 50485 | Elf:3    | Entered Level 3 of the Elven Halls
 52258 | Elf:3    | Identified the Almanac of Arcane Weapons and Contamination
 52532 | Elf:3    | Identified the Tome of Dusty Protection
 52936 | Lair:2   | Learned a level 5 spell: Dispel Undead
 53195 | Crypt:1  | Entered Level 1 of the Crypt
 53518 | Crypt:1  | Reached skill level 21 in Necromancy
 53656 | Crypt:1  | Gained mutation: A meltable icy envelope protects you from harm (AC +10). [demonic ancestry]
 53656 | Crypt:1  | Reached XP level 21. HP: 150/150 MP: 33/35
 54286 | Crypt:1  | Reached skill level 22 in Necromancy
 55270 | Crypt:2  | Reached skill level 23 in Necromancy
 56056 | Crypt:3  | Entered Level 3 of the Crypt
 56526 | Crypt:3  | Found a basalt altar of Yredelemnul.
 56526 | Crypt:3  | Noticed an ancient lich
 56533 | Crypt:3  | Killed an ancient lich
 56533 | Crypt:3  | Reached skill level 24 in Necromancy
 56857 | Crypt:3  | Reached skill level 10 in Fighting
 57017 | Crypt:3  | Found a staircase to the Tomb.
 57128 | Crypt:3  | Got an opal-encrusted crystal plate armour
 57131 | Crypt:3  | Identified the cursed +1 crystal plate armour "Vyonk" {+Inv rC- Slay+5} (You found it on level 3 of the Crypt)
 57134 | Crypt:3  | Identified the Catalogue of Evil Magic
 57388 | Crypt:3  | Got a scintillating amber ring
 57389 | Crypt:3  | Identified the ring "Tuv Peus" {rElec rF+ MP+9 Int+2} (You found it on level 3 of the Crypt)
 58185 | Vaults:5 | Entered Level 5 of the Vaults
 58229 | Vaults:4 | Reached XP level 22. HP: 116/165 MP: 34/36
 58652 | Vaults:5 | Got a silver rune of Zot
 58673 | Vaults:5 | Identified a scroll of acquirement
 58742 | Vaults:5 | Noticed a golden dragon
 58760 | Vaults:5 | Killed a golden dragon
 58796 | Vaults:5 | Identified the Collected Works on the Nocuous Compass
 59006 | Vaults:5 | Reached skill level 15 in Fighting
 59192 | Vaults:5 | Noticed a juggernaut
 59200 | Vaults:5 | a juggernaut changed into an iron dragon
 59491 | Vaults:5 | Found Yray's General Store.
 60529 | Slime:1  | Entered Level 1 of the Pits of Slime
 60540 | Slime:1  | Gained mutation: You are dopey. (Int -2) [a shining eye]
 60746 | Slime:4  | Gained mutation: You are completely attuned to the shadows. [demonic ancestry]
 60746 | Slime:4  | Reached XP level 23. HP: 148/186 MP: 37/37
 60845 | Slime:6  | Entered Level 6 of the Pits of Slime
 61014 | Slime:6  | Noticed the Royal Jelly
 61368 | Slime:6  | Found a viscous altar of Jiyva.
 62846 | Depths:1 | Entered Level 1 of the Depths
 63120 | Depths:1 | Found Xothucs's Book Boutique.
 63355 | Lair:2   | Learned a level 6 spell: Simulacrum
 63631 | Depths:1 | Reached skill level 1 in Ice Magic
 63686 | Depths:1 | Found Derut's Book Shoppe.
 63701 | Depths:1 | Found Deawig's Jewellery Shoppe.
 63774 | Depths:1 | Found a gateway to Hell.
 63827 | Depths:1 | Found a deep blue altar of Sif Muna.
 63902 | Depths:1 | Got a faintly glowing ivory amulet
 64125 | Depths:1 | Found Epicleoh's Gadget Boutique.
 64201 | Depths:1 | Found Myziewk's Weapon Boutique.
 64324 | Depths:2 | Reached skill level 5 in Ice Magic
 64784 | Depths:2 | Noticed an iron giant
 64807 | Depths:2 | Killed an iron giant
 64843 | Depths:2 | Noticed an iron giant
 64857 | Depths:2 | Killed an iron giant
 64876 | Depths:2 | Reached skill level 10 in Ice Magic
 65076 | Depths:2 | Reached XP level 24. HP: 193/193 MP: 39/39
 65223 | Depths:2 | Noticed Jorgrun
 65230 | Depths:2 | Killed Jorgrun
 65247 | Depths:2 | Found a one-way gate to the infinite horrors of the Abyss.
 65583 | Depths:3 | Found a gateway to a ziggurat.
 65763 | Depths:3 | Found a one-way gate leading to the halls of Pandemonium.
 66596 | Depths:4 | Identified the amulet "Teiq" {Dismiss rElec} (You took it off a vampire mage on level 1 of the Depths)
 66612 | Depths:4 | Noticed an iron giant
 66875 | Depths:4 | Reached skill level 1 in Charms
 67119 | Depths:4 | Noticed a juggernaut
 67123 | Depths:4 | Killed a juggernaut
 67151 | Depths:4 | Noticed Sojobo
 67161 | Depths:4 | Killed Sojobo
 67161 | Depths:4 | Reached skill level 5 in Charms
 67348 | Depths:4 | Killed an iron giant
 67440 | Depths:4 | Noticed a juggernaut
 67441 | Depths:4 | Noticed a juggernaut
 67448 | Depths:4 | Killed a juggernaut
 67453 | Depths:4 | Killed a juggernaut
 67927 | Depths:5 | Entered Level 5 of the Depths
 68140 | Depths:5 | Noticed a juggernaut
 68144 | Depths:5 | Killed a juggernaut
 68227 | Depths:5 | Reached skill level 10 in Charms
 68474 | Depths:5 | Gained mutation: You are robust (+10% HP). [demonic ancestry]
 68474 | Depths:5 | Reached XP level 25. HP: 178/218 MP: 39/39
 68546 | Depths:5 | Found a gate to the Realm of Zot.
 69226 | Lair:2   | Learned a level 6 spell: Haste
 70519 | Tomb:1   | Entered Level 1 of the Tomb of the Ancients
 70842 | Tomb:1   | Noticed a greater mummy
 70848 | Tomb:1   | Killed a greater mummy
 70919 | Tomb:1   | Noticed a greater mummy
 70960 | Tomb:1   | Killed a greater mummy
 71676 | Tomb:2   | Noticed a greater mummy
 71709 | Tomb:2   | Noticed a greater mummy
 71797 | Tomb:2   | Noticed a greater mummy
 71797 | Tomb:2   | Noticed a greater mummy
 71804 | Tomb:1   | Killed a greater mummy
 71807 | Tomb:1   | Killed a greater mummy
 72156 | Tomb:1   | Killed a greater mummy
 72506 | Tomb:2   | Killed a greater mummy
 73012 | Tomb:1   | Noticed a greater mummy
 73939 | Zot:1    | Entered Level 1 of the Realm of Zot
 75058 | Zot:1    | Gained mutation: You are very robust (+20% HP). [demonic ancestry]
 75058 | Zot:1    | Reached XP level 26. HP: 167/247 MP: 40/40
 76237 | Tomb:1   | Paralysed by a Zot trap for 3 turns
 76284 | Tomb:1   | Noticed a greater mummy
 76289 | Tomb:1   | Killed a greater mummy
 76290 | Tomb:1   | Noticed a greater mummy
 76300 | Tomb:1   | Killed a greater mummy
 76325 | Tomb:1   | Noticed a greater mummy
 76336 | Tomb:1   | Noticed a greater mummy
 76338 | Tomb:1   | Killed a greater mummy
 76502 | Tomb:1   | Killed a greater mummy
 76517 | Tomb:1   | Killed a greater mummy
 76689 | Tomb:1   | Noticed a greater mummy
 76698 | Tomb:1   | Killed a greater mummy
 76743 | Tomb:1   | Noticed a greater mummy
 76752 | Tomb:1   | Noticed a greater mummy
 76760 | Tomb:1   | Killed a greater mummy
 76760 | Tomb:1   | Reached skill level 15 in Armour
 76764 | Tomb:1   | Killed a greater mummy
 76845 | Tomb:1   | Noticed a greater mummy
 76853 | Tomb:1   | Killed a greater mummy
 76854 | Tomb:1   | Noticed a greater mummy
 76867 | Tomb:1   | Killed a greater mummy
 76874 | Tomb:1   | Noticed a greater mummy
 76875 | Tomb:1   | Noticed a greater mummy
 76883 | Tomb:1   | Killed a greater mummy
 76886 | Tomb:1   | Killed a greater mummy
 77065 | Tomb:3   | Entered Level 3 of the Tomb of the Ancients
 77103 | Tomb:3   | Noticed a greater mummy
 77114 | Tomb:3   | Killed a greater mummy
 77118 | Tomb:3   | Noticed a greater mummy
 77131 | Tomb:3   | Noticed a greater mummy
 77133 | Tomb:3   | Noticed a greater mummy
 77135 | Tomb:3   | Killed a greater mummy
 77137 | Tomb:3   | Noticed a greater mummy
 77315 | Tomb:2   | Killed a greater mummy
 77393 | Tomb:2   | Killed a greater mummy
 77765 | Tomb:2   | Killed a greater mummy
 77957 | Tomb:3   | Noticed a greater mummy
 77967 | Tomb:3   | Killed a greater mummy
 77991 | Tomb:3   | Noticed a greater mummy
 77998 | Tomb:3   | Noticed a greater mummy
 77998 | Tomb:3   | Killed a greater mummy
 78017 | Tomb:3   | Killed a greater mummy
 78065 | Tomb:3   | Got a golden rune of Zot
 78113 | Tomb:3   | Noticed a greater mummy
 78121 | Tomb:3   | Killed a greater mummy
 78559 | Tomb:3   | Got an ancient golden ring
 78614 | Tomb:3   | Got a brightly glowing ring mail
 78616 | Tomb:3   | Got a steaming amber ring
 78618 | Tomb:3   | Got a heavily runed bone ring
 78654 | Tomb:3   | Identified the cursed +1 ring mail of Hearogesm {rCorr Int+3 SInv Stlth+} (You found it on level 3 of the Tomb of the Ancients)
 78655 | Tomb:3   | Identified the ring of Ginuc {rCorr *Drain MP+9 Int+5} (You found it on level 3 of the Tomb of the Ancients)
 78656 | Tomb:3   | Identified the ring of Sixeh {*Corrode rC+ EV+5 Str+3} (You found it on level 3 of the Tomb of the Ancients)
 78657 | Tomb:3   | Identified the ring of Qulagic {Wiz rF+ Str+2} (You found it on level 3 of the Tomb of the Ancients)
 78673 | Tomb:3   | Got a jewelled trident
 78674 | Tomb:3   | Identified the +5 trident of Okawaru's Esteem {distort, rElec rC+ MR+ Int+3} (You found it on level 3 of the Tomb of the Ancients)
 79691 | Slime:6  | Killed the Royal Jelly
 79815 | Slime:6  | Got a bound diamond amulet
 79816 | Slime:6  | Identified the amulet "Tioducurch" {Gourm rF+ Dex+9} (You found it on level 6 of the Pits of Slime)
 79877 | Slime:6  | Got a clouded bronze ring
 79878 | Slime:6  | Identified the cursed ring of Qoulo {rPois Str+3 Dex-3} (You found it on level 6 of the Pits of Slime)
 79881 | Slime:6  | Identified the Catalogue of Bewitchment
 79912 | Slime:6  | Got a slimy rune of Zot
 79914 | Slime:6  | Got a faintly glowing tin ring
 79915 | Slime:6  | Identified the ring "Qier Fess" {rPois rC+ MR+ Int+2 Stlth+} (You found it on level 6 of the Pits of Slime)
 82058 | Pan      | Entered Pandemonium
 82121 | Pan      | Gained mutation: You are extremely robust (+30% HP). [demonic ancestry]
 82121 | Pan      | Reached XP level 27. HP: 247/276 MP: 39/41
 82135 | Pan      | Noticed Jopp the pandemonium lord
 82155 | Pan      | Killed Jopp the pandemonium lord
 82223 | Pan      | Reached skill level 15 in Spellcasting
 82236 | Pan      | Learned a level 8 spell: Necromutation
 82451 | Pan      | Found an exit through the horrors of the Abyss.
 82619 | Pan      | Noticed Mennas
 82634 | Pan      | Killed Mennas
 83299 | Pan      | Noticed Unut the pandemonium lord
 83317 | Pan      | Killed Unut the pandemonium lord
 83744 | Pan      | Reached skill level 1 in Transmutations
 83773 | Pan      | Found an exit through the horrors of the Abyss.
 84153 | Pan      | Noticed Mittoak the pandemonium lord
 84169 | Pan      | Killed Mittoak the pandemonium lord
 84170 | Pan      | Reached skill level 5 in Transmutations
 84452 | Pan      | Found an exit through the horrors of the Abyss.
 84591 | Pan      | Gained mutation: Scrolls take you a little longer to read. [a cacodemon]
 85520 | Pan      | Noticed Qoump the pandemonium lord
 85542 | Pan      | Killed Qoump the pandemonium lord
 85757 | Pan      | Reached skill level 10 in Transmutations
 85818 | Pan      | Noticed Yplyloar the pandemonium lord
 85831 | Pan      | Killed Yplyloar the pandemonium lord
 86082 | Pan      | Noticed Ireunuewn the pandemonium lord
 86315 | Pan      | Entered the realm of Mnoleg.
 86413 | Pan      | Found an exit through the horrors of the Abyss.
 86512 | Pan      | Gained mutation: Armour fits poorly on your strangely shaped body. [a neqoxec]
 86640 | Pan      | Noticed Mnoleg
 86649 | Pan      | Paralysed by a giant eyeball for 2 turns
 86789 | Pan      | Paralysed by a giant eyeball for 2 turns
 86792 | Pan      | Killed Mnoleg
 86890 | Pan      | Got a glowing rune of Zot
 87026 | Pan      | Found an exit through the horrors of the Abyss.
 87398 | Pan      | Noticed Geneqet the pandemonium lord
 87417 | Pan      | Cast into level 4 of the Abyss (Geneqet)
 87505 | Abyss:4  | Got a steaming ring mail
 87508 | Abyss:4  | Identified the +4 ring mail of Vlad {rC+ rCorr} (You found it on level 4 of the Abyss)
 87707 | Abyss:4  | Paralysed by accursed screaming for 1 turns
 87864 | Pan      | Escaped the Abyss
 87880 | Pan      | Killed Geneqet the pandemonium lord
 88005 | Pan      | Entered the realm of Gloorx Vloq.
 88203 | Pan      | Noticed Gloorx Vloq
 88222 | Pan      | Killed Gloorx Vloq
 88222 | Pan      | Reached skill level 15 in Transmutations
 88266 | Pan      | Got a dark rune of Zot
 88474 | Pan      | Entered the realm of Lom Lobon.
 88809 | Pan      | Noticed Lom Lobon
 88908 | Pan      | Got a magical rune of Zot
 89166 | Pan      | Entered the realm of Cerebov.
 89249 | Pan      | Noticed Cerebov
 89284 | Pan      | Killed Cerebov
 89303 | Pan      | Got a fiery rune of Zot
 89363 | Pan      | Found an exit through the horrors of the Abyss.
 89576 | Pan      | Found an exit through the horrors of the Abyss.
 89614 | Pan      | Gained mutation: Scrolls take you longer to read. [a cacodemon]
 89750 | Pan      | Learned a level 1 spell: Apportation
 89841 | Pan      | Noticed Fokaotam the pandemonium lord
 89878 | Pan      | Killed Fokaotam the pandemonium lord
 90076 | Pan      | Noticed Tosmierch the pandemonium lord
 90086 | Pan      | Killed Tosmierch the pandemonium lord
 90200 | Pan      | Found an exit through the horrors of the Abyss.
 90728 | Pan      | Gained mutation: You expend magic power (3 MP) to strengthen your wands. [a cacodemon]
 90909 | Pan      | Noticed Relawusi the pandemonium lord
 90927 | Pan      | Killed Relawusi the pandemonium lord
 91209 | Pan      | Noticed Tuokek the pandemonium lord
 91250 | Pan      | Killed Tuokek the pandemonium lord
 91476 | Pan      | Found an exit through the horrors of the Abyss.
 91541 | Pan      | Noticed Lom Lobon
 91633 | Pan      | Noticed Xuphes the pandemonium lord
 91657 | Pan      | Killed Xuphes the pandemonium lord
 92105 | Pan      | Found an exit through the horrors of the Abyss.
 92189 | Pan      | Noticed Wimp the pandemonium lord
 92206 | Pan      | Killed Wimp the pandemonium lord
 92206 | Pan      | Reached skill level 25 in Necromancy
 92513 | Pan      | Found an exit through the horrors of the Abyss.
 93092 | Pan      | Noticed Nofugui the pandemonium lord
 93469 | Pan      | Noticed a seraph
 93491 | Pan      | Killed a seraph
 93491 | Pan      | Reached skill level 26 in Necromancy
 93493 | Pan      | Found a glowing golden altar of the Shining One.
 93498 | Pan      | Got a brightly glowing glass ring
 93506 | Pan      | Got a demonic rune of Zot
 94082 | Pan      | Noticed Lom Lobon
 94094 | Pan      | Gained mutation: Scrolls take you much longer to read. [a neqoxec]
 94115 | Depths:3 | Escaped Pandemonium
 94449 | Lair:2   | Identified the ring "Lyin" {rElec Dex+5 Stlth-} (You took it off a seraph in Pandemonium)
 94464 | Lair:2   | Lost mutation: You expend magic power (3 MP) to strengthen your wands. [potion of cure mutation]
 94464 | Lair:2   | Lost mutation: Armour fits poorly on your strangely shaped body. [potion of cure mutation]
 94464 | Lair:2   | Lost mutation: Scrolls take you much longer to read. [potion of cure mutation]
 94692 | Hell     | Entered the Vestibule of Hell
 94696 | Hell     | Noticed Geryon
 94707 | Hell     | Killed Geryon
 94717 | Hell     | Noticed Murray
 94745 | Hell     | Killed Murray
 94878 | Hell     | Found a gateway to the freezing wastes of Cocytus.
 94958 | Hell     | Found a gateway to the Iron City of Dis.
 95261 | Hell     | Found a gateway to the decaying netherworld of Tartarus.
 95312 | Hell     | Found a gateway to the ashen valley of Gehenna.
 95530 | Dis:1    | Entered Level 1 of the Iron City of Dis
 95632 | Dis:1    | Reached skill level 27 in Necromancy
 97253 | Dis:4    | Reached skill level 15 in Dodging
 97806 | Dis:7    | Entered Level 7 of the Iron City of Dis
 98481 | Dis:7    | Gained mutation: You have a pair of small horns on your head. [mutagenic glow]
 98850 | Dis:7    | Noticed Dispater
 98869 | Dis:7    | Killed Dispater
 98883 | Dis:7    | Got an iron rune of Zot
 99028 | Hell     | Upgraded the game from 0.18-a0-1408-g69e564c to 0.18-a0-1414-gcd7f35e
 99081 | Tar:1    | Entered Level 1 of Tartarus
 99938 | Tar:3    | Found an ancient bone altar of Kikubaaqudgha.
100396 | Tar:4    | Cast into level 3 of the Abyss (a lich)
100397 | Abyss:3  | Found a corrupted altar of Lugonu.
100412 | Abyss:3  | Found a corrupted altar of Lugonu.
101378 | Abyss:3  | Found a corrupted altar of Lugonu.
101549 | Abyss:4  | Got an abyssal rune of Zot
101777 | Tar:4    | Escaped the Abyss
101989 | Tar:4    | Gained mutation: Armour fits poorly on your strangely shaped body. [miscasting Necromutation]
102996 | Tar:7    | Entered Level 7 of Tartarus
103386 | Tar:7    | Got an encrusted scale mail
103389 | Tar:7    | Identified the +5 scale mail "Imom" {rN++ Dex+3} (You found it on level 7 of Tartarus)
103656 | Tar:7    | Gained mutation: You expend magic power (3 MP) to strengthen your wands. [miscasting Necromutation]
103656 | Tar:7    | Gained mutation: Your spells are a little easier to cast, but a little less powerful. [miscasting Necromutation]
103734 | Tar:7    | Got a jewelled ring mail
103736 | Tar:7    | Got a faintly humming shield
103739 | Tar:7    | Identified the cursed +0 ring mail "Athruggomp" {rElec Str+3 Int+3 Dex-5} (You found it on level 7 of Tartarus)
103741 | Tar:7    | Identified the cursed -2 shield of Fedhas's Envy {Str+2} (You found it on level 7 of Tartarus)
104000 | Tar:7    | Noticed an ancient lich
104008 | Tar:7    | Killed an ancient lich
104151 | Tar:7    | Noticed the Serpent of Hell
104187 | Tar:7    | Killed the Serpent of Hell
104242 | Tar:7    | Noticed Ereshkigal
104252 | Tar:7    | Killed Ereshkigal
104284 | Tar:7    | Got a bone rune of Zot
104436 | Coc:1    | Entered Level 1 of Cocytus
105134 | Coc:2    | Gained mutation: Your spells are easier to cast, but less powerful. [mutagenic glow]
105146 | Coc:2    | Lost mutation: You are dopey. (Int -2) [potion of cure mutation]
105146 | Coc:2    | Lost mutation: Your spells are easier to cast, but less powerful. [potion of cure mutation]
105146 | Coc:2    | Lost mutation: You expend magic power (3 MP) to strengthen your wands. [potion of cure mutation]
105146 | Coc:2    | Lost mutation: You have a pair of small horns on your head. [potion of cure mutation]
105146 | Coc:2    | Lost mutation: Scrolls take you longer to read. [potion of cure mutation]
106340 | Coc:7    | Entered Level 7 of Cocytus
106904 | Coc:7    | Reached skill level 15 in Ice Magic
107024 | Coc:7    | Noticed Antaeus
107074 | Coc:7    | Killed Antaeus
107115 | Coc:7    | Got an icy rune of Zot
107266 | Geh:1    | Entered Level 1 of Gehenna
108277 | Geh:3    | Gained mutation: You are dopey. (Int -2) [mutagenic glow]
108318 | Geh:3    | Gained mutation: Your flesh is heat resistant. [mutagenic glow]
109323 | Geh:7    | Entered Level 7 of Gehenna
109797 | Geh:7    | Noticed Asmodeus
109837 | Geh:7    | Killed Asmodeus
109878 | Geh:7    | Got a wavering turquoise ring
109881 | Geh:7    | Identified the ring "Opeomech" {Fire Str-5 Dex+7} (You found it on level 7 of Gehenna)
109923 | Geh:7    | Got an obsidian rune of Zot
109928 | Geh:7    | Identified the Collected Works on Toxins
109983 | Geh:7    | Gained mutation: Scrolls take you longer to read. [mutagenic glow]
110369 | Lair:2   | Gained mutation: You can translocate small distances at will. [potion of mutation]
110369 | Lair:2   | Gained mutation: You have a pair of small horns on your head. [potion of mutation]
110369 | Lair:2   | Lost mutation: You can translocate small distances at will. [potion of mutation]
110370 | Lair:2   | Gained mutation: You are somewhat resistant to further mutation. [potion of mutation]
110371 | Lair:2   | Gained mutation: You are very dopey. (Int -4) [potion of mutation]
110376 | Lair:2   | Lost mutation: Armour fits poorly on your strangely shaped body. [potion of mutation]
110850 | Zot:5    | Entered Level 5 of the Realm of Zot
110908 | Zot:5    | Noticed an ancient lich
110913 | Zot:5    | Killed an ancient lich
110918 | Zot:5    | Noticed an orb of fire
110926 | Zot:5    | Noticed an ancient lich
110936 | Zot:5    | Killed an ancient lich
110950 | Zot:5    | Killed an orb of fire
110953 | Zot:5    | Noticed an orb of fire
110959 | Zot:5    | Killed an orb of fire
111070 | Zot:5    | Noticed an orb of fire
111076 | Zot:5    | Noticed an orb of fire
111078 | Zot:5    | Noticed an orb of fire
111130 | Zot:5    | Killed an orb of fire
111163 | Zot:5    | Killed an orb of fire
111412 | Zot:5    | Got the Orb of Zot
111439 | Zot:5    | Noticed an orb of fire
111901 | D:13     | Gained mutation: Armour fits poorly on your strangely shaped body. [mutagenic glow]
111936 | D:11     | Gained mutation: You occasionally shout uncontrollably at your foes. [mutagenic glow]
112002 | D:8      | Gained mutation: Your body sometimes deteriorates upon taking damage. [mutagenic glow]
112106 | D:4      | Gained mutation: You tend to lose your temper in combat. [mutagenic glow]
112210 | D:1      | Lost mutation: You occasionally shout uncontrollably at your foes. [potion of cure mutation]
112210 | D:1      | Lost mutation: Your body sometimes deteriorates upon taking damage. [potion of cure mutation]
112210 | D:1      | Lost mutation: You tend to lose your temper in combat. [potion of cure mutation]
112211 | D:1      | Lost mutation: Your spells are a little easier to cast, but a little less powerful. [potion of cure mutation]
112211 | D:1      | Lost mutation: You are somewhat resistant to further mutation. [potion of cure mutation]
112211 | D:1      | Lost mutation: You are very dopey. (Int -4) [potion of cure mutation]
112211 | D:1      | Lost mutation: You have a pair of small horns on your head. [potion of cure mutation]
112211 | D:1      | Lost mutation: You are dopey. (Int -2) [potion of cure mutation]
112212 | D:1      | Lost mutation: Armour fits poorly on your strangely shaped body. [potion of cure mutation]
112212 | D:1      | Lost mutation: Scrolls take you longer to read. [potion of cure mutation]
112212 | D:1      | Lost mutation: Your flesh is heat resistant. [potion of cure mutation]
112212 | D:1      | Lost mutation: Scrolls take you a little longer to read. [potion of cure mutation]
112219 | D:$      | Escaped with the Orb!

Vault maps used:
D:1:      ncdulo_watergridlock, lexackson_kobold_supper
D:2:      nicolae_overflow_hidden_temple, grunt_ministairs_3, minivault_27
D:3:      lemuel_round_altar, nicolae_dithmenos_shadow_blocks,
          ecumenical_altar_1, portal_sewer_entry_a
D:4:      minitemple, minmay_temple_entry_statues_fountains, first_bread,
          uniq_duvessa
D:5:      serial_shops, nicolae_shop_crystal, nicolae_shop_stone
D:6:      elyvilon_altar_5
D:7:      kennysheep_big_flooded_room, gammafunk_temple_overflow_elements,
          lemuel_flame_loot_1
D:8:      corexii_shantytown, nicolae_gozag_seed_capital, uniq_psyche,
          uniq_pikel
D:9:      wad_river_or_something, old_standard_altar, lair_0_dummy,
          uniq_gastronok, uniq_maurice, uniq_joseph
D:10:     basic_altar, serial_shops, kennysheep_mini, hangedman_stone_soup,
          uniq_fannar
D:11:     nicolae_lava_and_water, uniq_snorg
D:12:     zombieorc1_lemuel, hangedman_cracks_in_the_wall
D:13:     basic_altar
D:14:     david_vaults_4, minmay_misc_feat_pillars
D:15:     grunt_enter_depths_hoard, dk_noncrumbling_3,
          hangedman_decor_peaks_small
Lair:1:   lab_entry_generic, guppyfry_lair_drakes, serial_bayou_shore_a
Lair:2:   grunt_megastairs_1
Lair:3:   portal_ice_cave_entry_imps, uniq_maud
Lair:4:   minmay_snake_entry_guardpost_small
Lair:5:   minmay_shoals_entry_hut
Lair:6:   statuecave_lemuel
Lair:7:   grunt_megastairs_4, serial_bayou_shore_b, infiniplex_staircase_pool
Lair:8:   hangedman_lair_in_review, wormcave, slime_altar_1,
          columned_hall_lemuel, zaba_anthole, serial_bayou_pond_a,
          fungi_pond_lemuel, serial_bayou_lagoon_a,
          nicolae_quartered_pool_little
Shoals:2: nicolae_shoals_wave_tunnel
Shoals:3: serial_shops, shop
Shoals:4: shoals_end_grunt_ice, shoals_ilsuiw_ice
Snake:1:  serial_shops, shop, shop, shop
Snake:2:  serial_shops, nicolae_shop_crystal, shop, shop_fountains, shop,
          basic_stair_grate_trap
Snake:3:  grunt_ministairs_5, spider_trap, nicolae_coiled_stairwell_down,
          uniq_vashnia
Snake:4:  snake_pit_salamanders_mu, nrook_loot_triangle, spider_trap,
          serial_bayou_shore_b, serial_bayou_shore_b, uniq_asterion
Slime:3:  basic_altar, nicolae_slime_barrier
Orc:1:    serial_shops, nicolae_shop_waterfront, mines1_david
Orc:2:    st_orc_mages, basic_altar, serial_shops, nicolae_shop_waterfront
Elf:1:    elf_arrival_002, serial_shops, shop, hangedman_elf_represent
Elf:2:    serial_shops, shop, billiards_dpeg
Elf:3:    grunt_elf_hall_branching
Vaults:1: ontoclasm_vaults_ring_small, v_misc_28, nicolae_vaults_c_with_doors,
          hangedman_vaults_stream, v_misc_15, dpeg_vaults_monster_box,
          v_pattern_5, hangedman_vaults_trim, hangedman_vaults_impose,
          vaults_mumra_minichess, serial_shops, bzr_entry_safe
Vaults:2: minmay_crypt_entry_simple_corners, vaults_room_semicircle,
          nicolae_vaults_ring_of_whatevers, v_pattern_1, hangedman_vaults_trim,
          vaults_room_semicircle, vaults_dpeg_hooks, v_misc_3,
          hangedman_vaults_impose, serial_shops, shop, basic_altar
Vaults:3: v_rooms_6, v_misc_26, v_rooms_6, st_greater_box_5, v_misc_11,
          ontoclasm_vaults_hangar, vaults_room_corners, grunt_vaults_diagonal,
          hangedman_vaults_cutoff, v_misc_16
Vaults:4: v_misc_1, ontoclasm_vaults_decontamination, nicolae_vaults_what_the_h,
          v_pattern_3, nicolae_vaults_little_squares_2, v_misc_5, v_misc_11,
          vaults_mumra_lcd
Vaults:5: serial_shops
Crypt:1:  st_stairs_3, grunt_crypt_arrival_split
Crypt:3:  cryptofortress_bobbens
Depths:1: hangedman_geh_valley, serial_shops, nicolae_shop_crystal,
          nicolae_shop_waterfront, nicolae_shop_statue_plus, shop_fountains,
          shop, hangedman_decor_lopped, wad_floor_pattern_2,
          hangedman_summoners_spam
Depths:2: grunt_runaround, serial_shops, abyss_entry, hell_entry, uniq_jorgrun
Depths:3: minmay_blocking_statues, enter_ziggurat_a, hell_entry,
          minmay_misc_feat_five, pan_entry, minmay_misc_feat_four_crosses,
          infiniplex_staircase_pillars_1, firewood_loft
Depths:4: nicolae_legendary_halls, rand_demon_pan_entry_1,
          minmay_misc_feat_ornament, hell_entry, abyss_entry,
          infiniplex_staircase_zigzag_1, uniq_sojobo
Depths:5: evilmike_zot_entry_gauntlet, pf_hell_entry_tar_river, abyss_entry,
          rand_demon_pan_entry_7, stair_cage_line
Dis:1:    grunt_dis_stairs_iron_hall
Dis:7:    iron_city_of_dis
Geh:3:    hangedman_hellfire_club
Geh:5:    nicolae_geh_sunburst, lemuel_hellish_altar
Geh:7:    geh_mu
Coc:5:    door_vault
Coc:7:    coc_hangedman
Tar:3:    hangedman_feature_mirror
Tar:6:    hangedman_snap_crack_crunch
Tar:7:    tar_old
Zot:1:    zot_minivault_4
Zot:3:    hangedman_zot_decor_scrapings
Zot:4:    stair_cage_line
Zot:5:    st_stairs_7, grunt_ministairs_1
Abyss:3:  evilmike_abyss_exit_12, onia_ninara_dug_in_and_dangerous,
          nicolae_abyss_rune_more_like_crabyss
Abyss:4:  due_abyss_rune
Pan:      grunt_pan_spiral, nicolae_pan_giant_door, uniq_mennas_pan,
          lemuel_draining_boxes, pan_blood_fountain, nicolae_pan_diamonds,
          pan_blood_fountain_small, nicolae_pan_gloorx_vloqian_4, rand_demon_9,
          evilmike_mini_pan_diamond, evilmike_mini_pan_doors,
          pan_blood_fountain_small, rand_demon_1, evilmike_mini_pan_pillars_b,
          pan_blood_fountain, nicolae_pan_mnolegish_4, grunt_pan_spiral,
          evilmike_mini_pan_corner, grunt_pan_frozen_over, grunt_pan_sceptre,
          reaverb_pan_squares, rand_demon_9, pan_blood_fountain_small,
          rand_demon_6, rand_demon_3, nicolae_pan_sigil_nadil,
          nicolae_pan_hourglass, nicolae_pan_sigil_itan, rand_demon_5, mnoleg,
          pan_blood_fountain, evilmike_mini_pan_possible_glass,
          nicolae_pan_hourglass, gloorx_vloq_grunt, lom_lobon_spiral_st,
          nicolae_pan_gloorx_vloqian_2, cerebov, uniq_lom_lobon,
          grunt_pan_spiral, pan_blood_fountain_small,
          nicolae_pan_gloorx_vloqian_3, rand_demon_8, uniq_lom_lobon,
          rand_demon_5, pan_blood_fountain_small, evilmike_mini_pan_3x3,
          grunt_pan_pentagram, uniq_lom_lobon, pan_blood_fountain_small,
          nicolae_pan_glass_arcs, evilmike_mini_pan_corner, pan_blood_fountain,
          nicolae_pan_sigil_itan, evilmike_holy_pan, rand_demon_4,
          uniq_lom_lobon, pan_blood_fountain_small, nicolae_pan_gloorx_vloqian_4
Bazaar:   bazaar_minmay_row
Sewer:    sewer_co_tree
IceCv:    ice_cave_tombish

Skill      XL: |  1  2  3  4  5  6  7  8  9 10 11 12 13 14 15 16 17 18 19 20 21 22 23 24 25 26 27 |
---------------+----------------------------------------------------------------------------------+-----
Necromancy     | 5 6 7 8 9 12 14 15 16 20 21 24 27 | 27.0
Fighting       | 3 4 5 9 11 16 24 | 24.3
Dodging        | 4 5 8 13 15 | 15.3
Long Blades    | 4 |  4.4
Spellcasting   | 3 4 6 10 12 13 14 18 | 18.0
Polearms       | 1 6 11 14 | 14.2
Conjurations   | 7 |  7.1
Armour         | 3 5 11 13 17 22 | 22.0
Shields        | 8 12 14 | 14.3
Summonings     | 6 12 | 12.0
Ice Magic      | 10 13 16 | 16.2
Charms         | 10 13 14 | 14.6
Transmutations | 18 | 18.2
Stealth        | |  1.7

Action                   |  1- 3 |  4- 6 |  7- 9 | 10-12 | 13-15 | 16-18 | 19-21 | 22-24 | 25-27 || total
-------------------------+-------+-------+-------+-------+-------+-------+-------+-------+-------++-------
Melee: Short sword       |   139 |    55 |    71 |       |       |       |       |       |       ||   265
       Falchion          |       |       |    70 |       |       |       |       |       |       ||    70
       Scimitar          |       |       |   345 |   370 |       |       |       |       |       ||   715
       Demon trident     |       |       |       |   573 |  1356 |  1350 |  2005 |  1604 |  7978 || 14866
 Cast: Pain              |    45 |   110 |   146 |    29 |       |       |       |       |       ||   330
       Animate Skeleton  |     9 |    19 |    33 |    65 |    77 |    66 |    44 |    31 |    82 ||   426
       Vampiric Draining |     1 |     2 |     7 |    28 |    12 |     1 |     2 |     4 |       ||    57
       Animate Dead      |       |       |     9 |    21 |    64 |    61 |    59 |    38 |   170 ||   422
       Death Channel     |       |       |       |    19 |    54 |    55 |    53 |    37 |    37 ||   255
       Corpse Rot        |       |       |       |     1 |       |       |       |       |       ||     1
       Bolt of Draining  |       |       |       |     3 |    24 |    52 |    37 |     9 |       ||   125
       Regeneration      |       |       |       |       |    15 |    63 |    53 |    64 |   227 ||   422
       Haunt             |       |       |       |       |       |       |    12 |    15 |    10 ||    37
       Dispel Undead     |       |       |       |       |       |       |    67 |    11 |   115 ||   193
       Simulacrum        |       |       |       |       |       |       |       |    42 |   641 ||   683
       Haste             |       |       |       |       |       |       |       |       |    40 ||    40
       Necromutation     |       |       |       |       |       |       |       |       |    20 ||    20
Invok: Receive Corpses   |       |       |     1 |     7 |    20 |     9 |    27 |    26 |   208 ||   298
       Receive Necronomi |       |       |       |       |     1 |       |       |       |       ||     1
 Abil: End Transformatio |       |       |       |       |       |       |       |       |     5 ||     5
Evoke: Wand              |       |       |       |       |       |       |       |       |    16 ||    16
       Figurine of a zig |       |       |       |       |       |       |       |       |     1 ||     1
  Use: Scroll            |       |     7 |     8 |    16 |     9 |    13 |    14 |    14 |    59 ||   140
       Potion            |       |       |       |       |       |       |     2 |     1 |    30 ||    33
 Stab: Distracted        |     1 |       |     3 |     5 |    29 |    31 |    33 |    36 |   135 ||   273
       Sleeping          |     1 |       |     8 |    51 |    33 |    20 |    27 |    26 |    17 ||   183
       Fleeing           |       |       |       |       |       |     1 |       |       |       ||     1
  Eat: Chunk             |     4 |     7 |    18 |    26 |    64 |    52 |    45 |    38 |    15 ||   269
       Meat ration       |       |       |     1 |     5 |     3 |     2 |     8 |     4 |    15 ||    38
       Pizza             |       |       |     1 |       |     1 |       |       |       |       ||     2
       Fruit             |       |       |       |     2 |     1 |       |     1 |       |     2 ||     6
       Royal jelly       |       |       |       |     1 |     1 |       |       |     2 |       ||     4
       Bread ration      |       |       |       |       |       |       |       |       |    28 ||    28
